| TOP OF THE 1ST |
|
Albuquerque Dukes batting - Pitching for Dallas-Fort Worth Rangers : RHP Roy J Thomas
|
|
Pitching: RHP Roy J Thomas
|
|
|
Batting: LHB Andres Romero
|
0-0: Called Strike 0-1: Swinging Strike 0-2: Strikes out swinging
|
|
Batting: RHB Steven Patterson
|
0-0: Ball 1-0: Ball 2-0: Called Strike 2-1: Ball 3-1: Foul Ball, location: 2F 3-2: Ground out 1-3 (Groundball, 34S, EV 67.5 MPH)
|
|
Batting: LHB Dave Yobs
|
0-0: Ball 1-0: Ball 2-0: Called Strike 2-1: Ball 3-1: Fly out, F6 (Popup, P, EV 90.0 MPH)
|
| Top of the 1st over - 0 runs, 0 hits, 0 errors, 0 left on base; Albuquerque 0 - Dallas-Fort Worth 0 |
| BOTTOM OF THE 1ST |
|
Dallas-Fort Worth Rangers batting - Pitching for Albuquerque Dukes : LHP Craig Henderson
|
|
Pitching: LHP Craig Henderson
|
|
|
Batting: RHB Phil Bradley
|
0-0: Ground out 6-3 (Groundball, 6, EV 96.3 MPH)
|
|
Batting: LHB Stan Levi
|
0-0: Swinging Strike 0-1: Fly out, F7 (Flyball, 78D, EV 101.3 MPH)
|
|
Batting: RHB Terry Lee
|
0-0: Called Strike 0-1: Ball 1-1: Ball 2-1: Foul Ball, location: 2F 2-2: Strikes out swinging
|
| Bottom of the 1st over - 0 runs, 0 hits, 0 errors, 0 left on base; Albuquerque 0 - Dallas-Fort Worth 0 |
| TOP OF THE 2ND |
|
Albuquerque Dukes batting - Pitching for Dallas-Fort Worth Rangers : RHP Roy J Thomas
|
|
Batting: RHB James Oros
|
0-0: Called Strike 0-1: Ball 1-1: SOLO HOME RUN (Flyball, 7D, EV 90.0 MPH), Distance : 378 ft
|
|
Batting: LHB Matthew Henderson
|
0-0: Called Strike 0-1: Ball 1-1: Ground out 1-3 (Groundball, 34S, EV 68.8 MPH)
|
|
Batting: LHB John Elder
|
0-0: Called Strike 0-1: Ball 1-1: Ball 2-1: DOUBLE (Flyball, 8LXD, EV 101.3 MPH)
|
|
Batting: LHB Sal Rende
|
0-0: Foul Ball, location: 2F 0-1: Foul Ball, location: 2F 0-2: Strikes out swinging
|
|
Batting: RHB Kevin Harvey
|
0-0: Ball 1-0: Called Strike 1-1: Foul Ball, location: 2F 1-2: Foul Ball, location: 2F 1-2: Ball 2-2: Fly out, F9 (Line Drive, 9, EV 101.9 MPH)
|
| Top of the 2nd over - 1 run, 2 hits, 0 errors, 1 left on base; Albuquerque 1 - Dallas-Fort Worth 0 |
| BOTTOM OF THE 2ND |
|
Dallas-Fort Worth Rangers batting - Pitching for Albuquerque Dukes : LHP Craig Henderson
|
|
Batting: RHB Jesse Plummer
|
0-0: Ball 1-0: Ball 2-0: Ball 3-0: Base on Balls
|
|
Batting: LHB Mo Ching
|
0-0: Called Strike 0-1: Ball 1-1: Foul Ball, location: 2F 1-2: Foul Ball, location: 2F 1-2: Fly out, F7 (Flyball, 78D, EV 98.1 MPH)
|
|
Batting: RHB Steve Nicosia
|
0-0: Ball Jesse Plummer steals 2nd base 1-0: Fly out, F7 (Line Drive, 7, EV 94.4 MPH)
|
|
Batting: RHB Ross Jones
|
0-0: Ball 1-0: Foul Ball, location: 2F 1-1: Ball 2-1: Swinging Strike 2-2: Ball 3-2: Foul Ball, location: 2F 3-2: Base on Balls
|
|
Batting: RHB Eric Hyatt
|
0-0: Called Strike 0-1: Ball 1-1: Called Strike 1-2: Ball 2-2: Ball 3-2: Strikes out swinging
|
| Bottom of the 2nd over - 0 runs, 0 hits, 0 errors, 2 left on base; Albuquerque 1 - Dallas-Fort Worth 0 |
| TOP OF THE 3RD |
|
Albuquerque Dukes batting - Pitching for Dallas-Fort Worth Rangers : RHP Roy J Thomas
|
|
Batting: RHB Michael Williams
|
0-0: Ball 1-0: Foul Ball, location: 2F 1-1: Called Strike 1-2: Foul Ball, location: 2F 1-2: Foul Ball, location: 2F 1-2: Fly out, F9 (Flyball, 9, EV 89.4 MPH)
|
|
Batting: LHB Andres Romero
|
0-0: Ground out 5-3 (Groundball, 56S, EV 87.5 MPH)
|
|
Batting: RHB Steven Patterson
|
0-0: Foul Ball, location: 2F 0-1: Ball 1-1: Called Strike 1-2: Strikes out swinging
|
| Top of the 3rd over - 0 runs, 0 hits, 0 errors, 0 left on base; Albuquerque 1 - Dallas-Fort Worth 0 |
| BOTTOM OF THE 3RD |
|
Dallas-Fort Worth Rangers batting - Pitching for Albuquerque Dukes : LHP Craig Henderson
|
|
Batting: RHB Alex Zermeno
|
0-0: DOUBLE (Line Drive, 3D, EV 98.8 MPH)
|
|
Batting: RHB Phil Bradley
|
0-0: Ball 1-0: Foul Ball, location: 2F 1-1: SINGLE (Flyball, 34D, EV 82.5 MPH) Alex Zermeno to third
|
|
Batting: LHB Stan Levi
|
0-0: Called Strike 0-1: Ball 1-1: Fielders Choice at 2nd, 3-6 (Groundball, 34, EV 99.4 MPH) Alex Zermeno scores
|
|
Batting: RHB Terry Lee
|
0-0: Called Strike 0-1: Ball Stan Levi is caught stealing 2nd base 2-4 1-1: Ball 2-1: Ball 3-1: Base on Balls
|
|
Batting: RHB Jesse Plummer
|
0-0: Ball 1-0: Ball 2-0: Called Strike 2-1: Ball Terry Lee is caught stealing 2nd base 2-4
|
| Bottom of the 3rd over - 1 run, 2 hits, 0 errors, 0 left on base; Albuquerque 1 - Dallas-Fort Worth 1 |
| TOP OF THE 4TH |
|
Albuquerque Dukes batting - Pitching for Dallas-Fort Worth Rangers : RHP Roy J Thomas
|
|
Batting: LHB Dave Yobs
|
0-0: Called Strike 0-1: Ball 1-1: Ball 2-1: Ball 3-1: Base on Balls
|
|
Batting: RHB James Oros
|
0-0: Ball 1-0: Ball 2-0: Reached on error, E6 (Groundball, 56, EV 89.4 MPH) Dave Yobs to second
|
|
Batting: LHB Matthew Henderson
|
0-0: Foul Ball, location: 2F 0-1: Foul Ball, location: 2F 0-2: SINGLE (Groundball, 6MD, EV 94.4 MPH) Dave Yobs to third James Oros to second Runner from 3rd tries for Home, SAFE, throw by CF to home
|
|
Batting: LHB John Elder
|
0-0: Ball 1-0: Ball 2-0: Foul Ball, location: 2F 2-1: Fly out, F4 (Flyball, 34D, EV 82.5 MPH)
|
|
Batting: LHB Sal Rende
|
0-0: Fly out, F7 (Flyball, 7S, EV 76.3 MPH)
|
|
Batting: RHB Kevin Harvey
|
0-0: Ball 1-0: Ball 2-0: Swinging Strike 2-1: Called Strike 2-2: Fly out, F7 (Flyball, 7D, EV 98.8 MPH)
|
| Top of the 4th over - 1 run, 1 hit, 1 error, 2 left on base; Albuquerque 2 - Dallas-Fort Worth 1 |
| BOTTOM OF THE 4TH |
|
Dallas-Fort Worth Rangers batting - Pitching for Albuquerque Dukes : LHP Craig Henderson
|
|
Batting: RHB Jesse Plummer
|
0-0: Ball 1-0: Ground out 3-1 (Groundball, 34S, EV 82.5 MPH)
|
|
Batting: LHB Mo Ching
|
0-0: Ball 1-0: Ball 2-0: Ball 3-0: Base on Balls
|
|
Batting: RHB Steve Nicosia
|
0-0: Called Strike 0-1: Ball 1-1: Ball 2-1: Ball 3-1: Called Strike 3-2: Foul Ball, location: 2F 3-2: Base on Balls Mo Ching to second
|
|
Batting: RHB Ross Jones
|
0-0: Ball 1-0: Foul Ball, location: 2F 1-1: Foul Ball, location: 2F 1-2: Fly out, F8 (Flyball, 8LXD, EV 85.0 MPH) Runner from 2nd tags up, SAFE at 3rd, no throw by CF
|
|
Batting: RHB Eric Hyatt
|
0-0: Called Strike 0-1: DOUBLE (Line Drive, 9LS, EV 99.4 MPH) Mo Ching scores Steve Nicosia to third Runner from 3rd tries for Home, SAFE, throw by RF to home
|
|
Batting: RHB Alex Zermeno
|
0-0: Ball 1-0: Ball 2-0: Ground out 5-3 (Groundball, 5, EV 83.1 MPH)
|
| Bottom of the 4th over - 2 runs, 1 hit, 0 errors, 1 left on base; Albuquerque 2 - Dallas-Fort Worth 3 |
| TOP OF THE 5TH |
|
Albuquerque Dukes batting - Pitching for Dallas-Fort Worth Rangers : RHP Roy J Thomas
|
|
Batting: RHB Michael Williams
|
0-0: Called Strike 0-1: Swinging Strike 0-2: Ground out 5-3 (Groundball, 5L, EV 86.3 MPH)
|
|
Batting: LHB Andres Romero
|
0-0: Ball 1-0: Fly out, F4 (Popup, 4MD, EV 70.6 MPH)
|
|
Batting: RHB Steven Patterson
|
0-0: Ball 1-0: Called Strike 1-1: Ball 2-1: Swinging Strike 2-2: Strikes out swinging
|
| Top of the 5th over - 0 runs, 0 hits, 0 errors, 0 left on base; Albuquerque 2 - Dallas-Fort Worth 3 |
| BOTTOM OF THE 5TH |
|
Dallas-Fort Worth Rangers batting - Pitching for Albuquerque Dukes : LHP Craig Henderson
|
|
Batting: RHB Phil Bradley
|
0-0: Ball 1-0: Ground out 6-3 (Groundball, 6, EV 107.5 MPH)
|
|
Batting: LHB Stan Levi
|
0-0: Ball 1-0: Called Strike 1-1: Foul Ball, location: 2F 1-2: Ball 2-2: Foul Ball, location: 2F 2-2: Ball 3-2: Foul Ball, location: 2F 3-2: Fly out, F7 (Flyball, 78S, EV 92.5 MPH)
|
|
Batting: RHB Terry Lee
|
0-0: Foul Ball, location: 2F 0-1: Ball 1-1: Called Strike 1-2: Foul Ball, location: 2F 1-2: Ball 2-2: Ball 3-2: Base on Balls
|
|
Batting: RHB Jesse Plummer
|
0-0: Ball 1-0: Called Strike 1-1: Ball 2-1: Called Strike 2-2: Strikes out swinging
|
| Bottom of the 5th over - 0 runs, 0 hits, 0 errors, 1 left on base; Albuquerque 2 - Dallas-Fort Worth 3 |
| TOP OF THE 6TH |
|
Albuquerque Dukes batting - Pitching for Dallas-Fort Worth Rangers : RHP Roy J Thomas
|
|
Batting: LHB Dave Yobs
|
0-0: Ball 1-0: Called Strike 1-1: Ground out 6-3 (Groundball, 56D, EV 97.5 MPH)
|
|
Batting: RHB James Oros
|
0-0: Ball 1-0: Foul Ball, location: 2F 1-1: Ball 2-1: Fly out, F9 (Flyball, 9LM, EV 90.0 MPH)
|
|
Batting: LHB Matthew Henderson
|
0-0: Foul Ball, location: 2F 0-1: Ball 1-1: Ball 2-1: Swinging Strike 2-2: Foul Ball, location: 2F 2-2: Strikes out looking
|
| Top of the 6th over - 0 runs, 0 hits, 0 errors, 0 left on base; Albuquerque 2 - Dallas-Fort Worth 3 |
| BOTTOM OF THE 6TH |
|
Dallas-Fort Worth Rangers batting - Pitching for Albuquerque Dukes : LHP Craig Henderson
|
|
Batting: LHB Mo Ching
|
0-0: Ball 1-0: SINGLE (Line Drive, 78S, EV 89.4 MPH)
|
|
Batting: RHB Steve Nicosia
|
0-0: Foul Ball, location: 2F 0-1: Ball 1-1: Called Strike 1-2: Ball 2-2: Fly out, F9 (Line Drive, 9, EV 91.9 MPH)
|
|
Batting: RHB Ross Jones
|
0-0: Ball 1-0: Called Strike 1-1: Called Strike 1-2: Foul Ball, location: 2F 1-2: Ball 2-2: Ball 3-2: Reached on error, E4 (Groundball, 34, EV 83.1 MPH) Mo Ching to second
|
|
Batting: RHB Eric Hyatt
|
0-0: Called Strike 0-1: Grounds into double play, 4-6-3 (Groundball, 4, EV 98.1 MPH)
|
| Bottom of the 6th over - 0 runs, 1 hit, 1 error, 1 left on base; Albuquerque 2 - Dallas-Fort Worth 3 |
| TOP OF THE 7TH |
|
Albuquerque Dukes batting - Pitching for Dallas-Fort Worth Rangers : RHP Roy J Thomas
|
|
Batting: LHB John Elder
|
0-0: Called Strike 0-1: Swinging Strike 0-2: Ball 1-2: Ball 2-2: Strikes out swinging
|
|
Batting: LHB Sal Rende
|
0-0: Fly out, F8 (Line Drive, 8RM, EV 86.9 MPH)
|
|
Batting: RHB Kevin Harvey
|
0-0: Foul Ball, location: 2F 0-1: Swinging Strike 0-2: Fly out, F9 (Line Drive, 9, EV 87.5 MPH)
|
| Top of the 7th over - 0 runs, 0 hits, 0 errors, 0 left on base; Albuquerque 2 - Dallas-Fort Worth 3 |
| BOTTOM OF THE 7TH |
|
Dallas-Fort Worth Rangers batting - Pitching for Albuquerque Dukes : LHP Craig Henderson
|
|
Batting: RHB Alex Zermeno
|
0-0: Ball 1-0: Foul Ball, location: 2F 1-1: Ball 2-1: Ball 3-1: Fly out, F4 (Line Drive, 4, EV 68.8 MPH)
|
|
Batting: RHB Phil Bradley
|
0-0: Fly out, F8 (Line Drive, 8RD, EV 108.8 MPH)
|
|
Batting: LHB Stan Levi
|
0-0: Called Strike 0-1: Ball 1-1: Ball 2-1: Ball 3-1: Base on Balls
|
|
Batting: RHB Terry Lee
|
0-0: Ball 1-0: Fly out, F9 (Flyball, 9LM, EV 86.3 MPH)
|
| Bottom of the 7th over - 0 runs, 0 hits, 0 errors, 1 left on base; Albuquerque 2 - Dallas-Fort Worth 3 |
| TOP OF THE 8TH |
|
Albuquerque Dukes batting - Pitching for Dallas-Fort Worth Rangers : RHP Roy J Thomas
|
|
Batting: RHB Michael Williams
|
0-0: Ball 1-0: Foul Ball, location: 2F 1-1: Ball 2-1: Ground out 1-3 (Groundball, P, EV 75.6 MPH)
|
|
Batting: LHB Andres Romero
|
0-0: Ball 1-0: Called Strike 1-1: Ground out 4-3 (Groundball, 4D, EV 102.5 MPH)
|
|
Batting: RHB Steven Patterson
|
0-0: Called Strike 0-1: Swinging Strike 0-2: Ball 1-2: Foul Ball, location: 2F 1-2: Strikes out swinging
|
| Top of the 8th over - 0 runs, 0 hits, 0 errors, 0 left on base; Albuquerque 2 - Dallas-Fort Worth 3 |
| BOTTOM OF THE 8TH |
|
Dallas-Fort Worth Rangers batting - Pitching for Albuquerque Dukes : LHP Craig Henderson
|
|
Batting: RHB Jesse Plummer
|
0-0: Foul Ball, location: 2F 0-1: Ball 1-1: Foul Ball, location: 2F 1-2: Foul Ball, location: 2F 1-2: Ball 2-2: Foul Ball, location: 2F 2-2: SINGLE (Flyball, 9LS, EV 95.6 MPH)
|
|
Batting: LHB Mo Ching
|
0-0: Ball Wild Pitch! Jesse Plummer to second 1-0: Called Strike 1-1: Ball 2-1: Ball 3-1: Fly out, F4 (Line Drive, 4, EV 73.8 MPH)
|
|
Batting: RHB Steve Nicosia
|
0-0: Called Strike 0-1: Ball 1-1: Ground out 6-3 (Groundball, 6S, EV 85.0 MPH)
|
|
Batting: RHB Ross Jones
|
0-0: Foul Ball, location: 2F 0-1: Fly out, F9 (Line Drive, 9, EV 86.9 MPH)
|
| Bottom of the 8th over - 0 runs, 1 hit, 0 errors, 1 left on base; Albuquerque 2 - Dallas-Fort Worth 3 |
| TOP OF THE 9TH |
|
Albuquerque Dukes batting - Pitching for Dallas-Fort Worth Rangers : RHP Roy J Thomas
|
|
Pitching: RHP Luis Cardenas
|
|
|
Batting: LHB Dave Yobs
|
0-0: SINGLE (Flyball, 8RS, EV 90.6 MPH)
|
|
Batting: RHB James Oros
|
0-0: Ball 1-0: Fielders Choice at 2nd, 1-4 (Groundball, 15S, EV 73.1 MPH)
|
|
Batting: LHB Matthew Henderson
|
0-0: Fly out, F8 (Flyball, 8LXD, EV 98.8 MPH) Runner from 1st tags up, SAFE at 2nd
|
|
Batting: LHB John Elder
|
0-0: Foul Ball, location: 2F 0-1: Ball 1-1: Swinging Strike 1-2: Ground out 6-3 (Groundball, 6, EV 102.5 MPH)
|
| Top of the 9th over - 0 runs, 1 hit, 0 errors, 1 left on base; Albuquerque 2 - Dallas-Fort Worth 3 |
|